 Dungeon Sprint DCSS version 0.31-a0-716-gc7603755dd (webtiles) character file.

Game seed: 12152707829046798231

4115 rocky1 the Carver (level 10, -10/81 HPs)
             Began as a Djinni Fighter on Sept 11, 2023.
             Was an Initiate of Gozag.
             Mangled by a 15-headed hydra (12 damage)
             ... in the Dungeon (Sprint IX: "|||||||||||||||||||||||||||||").
             The game lasted 00:05:45 (1947 turns).

rocky1 the Carver (Djinni Fighter)                  Turns: 1947, Time: 00:05:45

Health: -10/81     AC: 21    Str: 11    XL:     10   Next: 51%
Gold:   345        EV:  9    Int: 12    God:    Gozag SH:  7 Dex: 18

rFire   + + +        o - +5 long sword (freeze)
rCold   x . .        c - +0 buckler
rNeg    . . .        m - +1 chain mail
rPois   ∞            s - +1 helmet {SInv}
rElec   .            g - +1 cloak of the Hurting Gods {rF+ MP+9 Str-4 Slay+3}
rCorr   .            r - +2 pair of gloves {infuse}
SInv    +            (boots unavailable)
Will    +....        (no amulet) Stlth
                     l - +3 ring of intelligence
HPRegen 0.33/turn    k - +2 ring of evasion
MPRegen 0.00/turn

%: no teleportation, infuse magic (-11 HP)
@: freezing walls, flying, very slightly contaminated
A: sickness immunity, fire resistance 2, cold vulnerability 1, float, innate
caster, HP casting, extra vitality 1
a: Renounce Religion, Potion Petition, Call Merchant, Bribe Branch


You were in the Dungeon.
You worshipped Gozag.
Gozag was aware of your devotion.
You visited 1 branch You collected 2053 gold pieces.
You spent 464 gold pieces at shops.
You paid 1244 gold pieces to Gozag.

Inventory:

Hand Weapons
 a - a +0 long sword
 b - a +2 scimitar of holy wrath
 o - a +5 long sword of freezing (weapon)
Armour
 c - a +0 buckler (worn)
 g - the +1 cloak of the Hurting Gods (worn) {rF+ MP+9 Str-4 Slay+3}
   (You found it in the Dungeon)

   Str-4:     It affects your strength (-4).
   Slay+3:    It affects your accuracy & damage with ranged weapons and melee
   (+3).
   rF+:       It protects you from fire.
   MP+9:      It affects your magic capacity (+9).
 m - a +1 chain mail (worn)
 n - a +0 cloak
 r - a +2 pair of gloves of infusion (worn)
 s - a +1 helmet of see invisible (worn)
Jewellery
 k - a +2 ring of evasion (right hand)
 l - a +3 ring of intelligence (left hand)
Wands
 j - a wand of iceblast (10)
Scrolls
 h - a scroll of fear
 i - 3 scrolls of blinking
 p - 2 scrolls of enchant weapon
 q - a scroll of fog
Potions
 d - 2 potions of mutation
 e - 6 potions of curing
 f - 2 potions of might


   Skills:
 + Level 10.7 Fighting
 + Level 13.5 Long Blades
 + Level 11.0 Armour
 + Level 4.0 Dodging
 - Level 3.1 Stealth
 + Level 8.5 Shields
 * Level 5.2 Spellcasting
 * Level 5.2 Conjurations
 * Level 5.2 Hexes
 * Level 5.2 Summonings
 * Level 5.2 Necromancy
 * Level 5.2 Translocations
 * Level 5.2 Transmutations
 * Level 5.2 Fire Magic
 * Level 5.2 Ice Magic
 * Level 5.2 Air Magic
 * Level 5.2 Earth Magic
 * Level 5.2 Poison Magic


You knew the following spells:

 Your Spells              Type           Power      Damage    Failure   Level
a - Sting                 Tmut/Pois      60%        1d6       43%         1
b - Call Imp              Summ           30%        N/A       56%         2
c - Frozen Ramparts       Ice            30%        1d5       80%         3
d - Confusing Touch       Hex            15%        N/A       80%         3
Your spell library was empty.

Dungeon Overview and Level Annotations

Branches:
Dungeon (1/1)

Altars:
Cheibriados
Dithmenos
Elyvilon
Fedhas
Gozag
Hepliaklqana
Makhleb
Nemelex Xobeh
Okawaru
Qazlal
Ru
Trog
Uskayaw
Wu Jian
Xom
Yredelemnul
Zin
The Shining One
Jiyva
Lugonu

Shops:
D [[


Innate Abilities, Weirdness & Mutations

You are immune to sickness and miasma.
You are immune to poison.
Your flesh is very heat resistant. (rF++)
You are vulnerable to cold. (rC-)
You float through the air rather than walking.
You learn spells naturally, not from books.
Your magical power is your life essence.
You have superior vitality. (+4 MHP)


Message History

Unknown command.
You barely miss the 14-headed hydra.
The 14-headed hydra is lightly wounded.
The wall freezes the five-headed hydra.
The wall freezes the 14-headed hydra.
The 14-headed hydra bites you but does no damage. x2
You block the 14-headed hydra's attack. x2; The 14-headed hydra bites you.
* * * LOW HITPOINT WARNING * * *
The 14-headed hydra barely misses you.
The 14-headed hydra bites you but does no damage. x3
The 14-headed hydra barely misses you.
The 14-headed hydra bites you but does no damage. x4
The wall freezes the scorpion.
Unknown command.
Unknown command.
* * * LOW HITPOINT WARNING * * *
You lop one of the 14-headed hydra's heads off!
The 13-headed hydra grows two more!
You slash the 15-headed hydra! You freeze the 15-headed hydra.
The 15-headed hydra is moderately wounded.
The wall freezes the five-headed hydra.
The five-headed hydra seems to slow down.
The wall freezes the scorpion but does no damage.
You feel better.
The wall freezes the 15-headed hydra!
The 15-headed hydra bites you.
* * * LOW HITPOINT WARNING * * *
The 15-headed hydra barely misses you. The 15-headed hydra misses you.
The 15-headed hydra bites you but does no damage. x2
The 15-headed hydra bites you.
* * * LOW HITPOINT WARNING * * *
The 15-headed hydra bites you but does no damage.
The 15-headed hydra misses you.
The 15-headed hydra bites you but does no damage. x2
The 15-headed hydra barely misses you. The 15-headed hydra bites you!
* * * LOW HITPOINT WARNING * * *
The 15-headed hydra bites you!
* * * LOW HITPOINT WARNING * * *
The 15-headed hydra bites you but does no damage.
The 15-headed hydra bites you!
You die...
Your body crumbles into a pile of gold.

▓▓▓▓▓▓▓▓▓▓▓▓▓▓▓▓▓▓▓▓▓▓▓▓▓▓▓▓▓▓▓▓▓
______________________'....†)....
▓▓▓▓▓▓▓▓▓▓▓▓▓▓▓▓▓▓▓▓▓▓▓▓▓▓▓▓▓▓▓▓▓
.................................
▓▓▓▓▓▓▓▓▓▓▓▓▓▓▓▓▓▓▓▓▓▓▓▓▓▓▓▓▓▓▓▓▓
SlDshSD§.SF.sDD@'.∩∩....[.....'.
▓▓▓▓▓▓▓▓▓▓▓▓▓▓▓▓▓▓▓▓▓▓▓▓▓▓▓▓▓▓▓▓


You could see a 15-headed hydra (slow), a five-headed hydra (slow), a cane toad,
a water moccasin and a scorpion.

Vanquished Creatures
  A hydra (D)
  A centaur warrior (D)
  A black mamba (D)
  A cane toad (D)
  A komodo dragon (D)
  3 rime drakes (D)
  A troll (D)
  A blink frog (D)
  A vampire (D)
  2 yaks (D)
  A steam dragon (D)
  An orc warrior (D)
  An ice beast (D)
  2 wolves (D)
  A bullfrog (D)
  A wight (D)
  A killer bee (D)
  A howler monkey (D)
  2 iguanas (D)
  An orc wizard (D)
  An adder (D)
  2 dart slugs (D)
  An orc (D)
  A bat (D)
  A jackal (D)
  A kobold (D)
32 creatures vanquished.

Vanquished Creatures (others)
  A tengu warrior (D)
1 creature vanquished.

Grand Total: 33 creatures vanquished

Notes
Turn   | Place    | Note
-------+----------+-------------------------------------------
     0 | D        | rocky1 the Djinni Fighter began the quest for the Orb.
     0 | D        | Reached XP level 1. HP: 20/20 MP: 0/0
    13 | D        | Reached skill level 2 in Long Blades
    18 | D        | Reached XP level 2. HP: 15/25 MP: 0/0
    62 | D        | Noticed an ice beast
    69 | D        | Killed an ice beast
    70 | D        | Reached skill level 5 in Fighting
    70 | D        | Reached skill level 4 in Long Blades
    70 | D        | Reached skill level 5 in Armour
    70 | D        | Reached skill level 5 in Shields
    70 | D        | Reached XP level 3. HP: 32/33 MP: 0/0
    70 | D        | Learned a level 1 spell: Sting
    70 | D        | Reached XP level 4. HP: 38/39 MP: 0/0
    70 | D        | Reached XP level 5. HP: 42/43 MP: 0/0
    70 | D        | Learned a level 2 spell: Call Imp
    76 | D        | HP: 2/45 [iguana (11)]
   235 | D        | Found a snail-covered altar of Cheibriados.
   235 | D        | Found a shadowy altar of Dithmenos.
   235 | D        | Found a white marble altar of Elyvilon.
   235 | D        | Found a blossoming altar of Fedhas.
   235 | D        | Found an opulent altar of Gozag.
   236 | D        | Found a hazy altar of Hepliaklqana.
   237 | D        | Found a viscous altar of Jiyva.
   239 | D        | Found a corrupted altar of Lugonu.
   240 | D        | Found a burning altar of Makhleb.
   241 | D        | Found a sparkling altar of Nemelex Xobeh.
   242 | D        | Found an iron altar of Okawaru.
   243 | D        | Became a worshipper of Gozag Ym Sagoz the Greedy
   244 | D        | Found a stormy altar of Qazlal.
   245 | D        | Found a sacrificial altar of Ru.
   247 | D        | Found a bloodstained altar of Trog.
   248 | D        | Found a hide-covered altar of Uskayaw.
   250 | D        | Found an ornate altar of the Wu Jian Council.
   251 | D        | Found a shimmering altar of Xom.
   252 | D        | Found a basalt altar of Yredelemnul.
   253 | D        | Found a glowing silver altar of Zin.
   254 | D        | Found a glowing golden altar of the Shining One.
   316 | D        | Noticed a yak
   316 | D        | Noticed an orc warrior
   316 | D        | Noticed a steam dragon
   322 | D        | Killed a steam dragon
   323 | D        | Reached skill level 6 in Long Blades
   323 | D        | Reached XP level 6. HP: 33/53 MP: 0/0
   334 | D        | Killed an orc warrior
   335 | D        | Reached skill level 7 in Long Blades
   335 | D        | Reached XP level 7. HP: 19/58 MP: 0/0
   335 | D        | Learned a level 3 spell: Frozen Ramparts
   346 | D        | Killed a yak
   347 | D        | Reached skill level 8 in Long Blades
   347 | D        | Reached skill level 1 in Dodging
   347 | D        | Reached skill level 1 in Spellcasting
   347 | D        | Reached skill level 1 in Conjurations
   347 | D        | Reached skill level 1 in Hexes
   347 | D        | Reached skill level 1 in Summonings
   347 | D        | Reached skill level 1 in Necromancy
   347 | D        | Reached skill level 1 in Translocations
   347 | D        | Reached skill level 1 in Transmutations
   347 | D        | Reached skill level 1 in Fire Magic
   347 | D        | Reached skill level 1 in Ice Magic
   347 | D        | Reached skill level 1 in Air Magic
   347 | D        | Reached skill level 1 in Earth Magic
   347 | D        | Reached skill level 1 in Poison Magic
   626 | D        | Noticed a troll
   626 | D        | Noticed a vampire
   626 | D        | Noticed a centaur warrior
   626 | D        | Noticed a tengu warrior
   626 | D        | Noticed a five-headed hydra
   633 | D        | Killed a seven-headed hydra
   633 | D        | Killed a tengu warrior
   634 | D        | Reached skill level 9 in Long Blades
   634 | D        | Reached skill level 1 in Stealth
   634 | D        | Reached XP level 8. HP: 46/66 MP: 0/0
   641 | D        | Killed a centaur warrior
   642 | D        | Reached skill level 10 in Long Blades
   642 | D        | Reached XP level 9. HP: 36/72 MP: 0/0
   642 | D        | Learned a level 3 spell: Confusing Touch
   655 | D        | Killed a troll
   656 | D        | Reached skill level 11 in Long Blades
  1182 | D        | Got the +1 cloak of the Hurting Gods {rF+ MP+9 Str-4
                  | Slay+3}
  1208 | D        | Noticed a rime drake
  1208 | D        | Noticed a cane toad
  1208 | D        | Noticed a komodo dragon
  1208 | D        | Noticed a blink frog
  1213 | D        | Killed a blink frog
  1216 | D        | Noticed a rime drake
  1220 | D        | Killed a komodo dragon
  1221 | D        | Reached skill level 10 in Armour
  1227 | D        | Reached skill level 12 in Long Blades
  1229 | D        | Noticed a rime drake
  1230 | D        | Killed a cane toad
  1231 | D        | Reached skill level 10 in Fighting
  1231 | D        | Reached XP level 10. HP: 65/80 MP: 0/0
  1240 | D        | Killed a rime drake
  1248 | D        | Killed a rime drake
  1249 | D        | Reached skill level 13 in Long Blades
  1254 | D        | Killed a rime drake
  1255 | D        | Reached skill level 5 in Spellcasting
  1255 | D        | Reached skill level 5 in Conjurations
  1255 | D        | Reached skill level 5 in Hexes
  1255 | D        | Reached skill level 5 in Summonings
  1255 | D        | Reached skill level 5 in Necromancy
  1255 | D        | Reached skill level 5 in Translocations
  1255 | D        | Reached skill level 5 in Transmutations
  1255 | D        | Reached skill level 5 in Fire Magic
  1255 | D        | Reached skill level 5 in Ice Magic
  1255 | D        | Reached skill level 5 in Air Magic
  1255 | D        | Reached skill level 5 in Earth Magic
  1255 | D        | Reached skill level 5 in Poison Magic
  1572 | D        | Noticed a skyshark
  1572 | D        | Noticed a black mamba
  1572 | D        | Noticed a five-headed hydra
  1576 | D        | Noticed a five-headed hydra
  1812 | D        | Bought a pair of embroidered gloves for 232 gold pieces
  1812 | D        | Bought a shiny helmet for 232 gold pieces
  1935 | D        | Killed a black mamba
  1937 | D        | Noticed a cane toad
  1947 | D        | HP: 2/81 [15-headed hydra (7)]
  1947 | D        | Mangled by a 15-headed hydra

Illustrated notes

Levels and vault maps discovered:
D:        linesprint [early_d, line_temple, items_1, d_10, items_2, lair_1,
          lair_end, items_3, orc_1, orc_end, items_4, d_15, swamp_1, shoals_1,
          snake_1, spider_1, d_20, vaults_1, items_5, swamp_end, shoals_end,
          snake_end, spider_end, vaults_end, d_27, items_6, zot_1, zot_end,
          crypt_end, forest_end, elf_end, slime_end, tomb_end, abyss_end,
          pan_hell_end]

Skill      XL: |  1  2  3  4  5  6  7  8  9 10 |
---------------+-------------------------------+-----
Long Blades    | 2 4 6 7 9 10 12 13 | 13.5
Fighting       | 5 7 8 9 10 | 10.7
Armour         | 5 7 8 9 10 11 | 11.0
Shields        | 5 6 7 8 |  8.5
Dodging        | 2 3 4 |  4.0
Spellcasting   | 2 3 4 5 |  5.2
Conjurations   | 2 3 4 5 |  5.2
Hexes          | 2 3 4 5 |  5.2
Summonings     | 2 3 4 5 |  5.2
Necromancy     | 2 3 4 5 |  5.2
Translocations | 2 3 4 5 |  5.2
Transmutations | 2 3 4 5 |  5.2
Fire Magic     | 2 3 4 5 |  5.2
Ice Magic      | 2 3 4 5 |  5.2
Air Magic      | 2 3 4 5 |  5.2
Earth Magic    | 2 3 4 5 |  5.2
Poison Magic   | 2 3 4 5 |  5.2
Stealth        | 1 3 |  3.1

Action                     |  1- 3 |  4- 6 |  7- 9 | 10-12 || total
---------------------------+-------+-------+-------+-------++-------
  Melee: Long sword        |    21 |    18 |    29 |    19 ||    87
         Scimitar          |       |    17 |    52 |    22 ||    91
   Cast: Frozen Ramparts   |       |       |       |     2 ||     2
 Invoke: Call Merchant     |       |       |       |     2 ||     2
    Use: Potion            |     1 |     1 |     5 |     2 ||     9
         Scroll            |       |       |       |     1 ||     1
   Stab: Distracted        |       |       |     2 |     2 ||     4
         Invisible         |       |       |     2 |       ||     2
 Armour: Scale mail        |    13 |    14 |       |       ||    27
         Chain mail        |       |    12 |    55 |    73 ||   140
  Dodge: Dodged            |    13 |    19 |    40 |    26 ||    98
  Block: Buckler           |     3 |     7 |    15 |    19 ||    44

Table legend: (Time is in decaauts)
 A = Elapsed time spent in this place.
 B = Non-inter-level travel time spent in this place.
 C = Inter-level travel time spent in this place.
 D = Time resting spent in this place.
 E = Time spent auto-exploring this place.
 F = Levels seen in this place.
 G = Mean time per level.
                   A        B        C        D        E       F      G
               +--------+--------+--------+--------+--------+-----+--------+
         Total |   1937 |   1937 |      0 |   1446 |      0 |   1 | 1937.0 |
       Dungeon |   1937 |   1937 |      0 |   1446 |      0 |   1 | 1937.0 |
               +--------+--------+--------+--------+--------+-----+--------+

Top non-repeatable levels by time:
       D: 1937 daAuts
